 Dungeon Crawl Stone Soup version 0.17-a0-1731-g129c023 (webtiles) character file.

4040 George the Destroyer (level 10, -3/50 HPs)
             Began as a Deep Elf Conjurer on Aug 29, 2015.
             Was a Follower of Vehumet.
             Slain by a fire drake (6 damage)
             ... on level 8 of the Dungeon.
             The game lasted 00:45:00 (11333 turns).

George the Destroyer (Deep Elf Conjurer)           Turns: 11333, Time: 00:45:00

Health: -3/50      AC:  9    Str:  5    XL:     10   Next: 4%
Magic:  14/26      EV: 16    Int: 24    God:    Vehumet [*.....]
Gold:   340        SH:  0    Dex: 17    Spells: 4 memorised, 18 levels left

rFire  . . .     SeeInvis .     X - staff of wizardry
rCold  + + .     Clarity  +     l - +2 robe {rC+}
rNeg   . . .     SustAt   .     (no shield)
rPois  .         Gourm    .     (no helmet)
rElec  .         Spirit   .     Q - +0 cloak (curse)
rCorr  .         Warding  .     F - +0 pair of gloves
rMut   .         Stasis   .     (no boots)
MR     +....                    k - amulet of clarity
Stlth  ++........               (no ring)
                                I - +3 ring of protection

@: somewhat resistant to hostile enchantments, unstealthy
A: talons 1, agile 1, cold resistance 1
a: Renounce Religion


You were on level 8 of the Dungeon.
You worshipped Vehumet.
Vehumet was aware of your devotion.
You were not hungry.

You visited 2 branches of the dungeon, and saw 9 of its levels.
You also visited: Ossuary.

You collected 340 gold pieces.

Inventory:

Hand weapons
 B - a +0 blowgun
 R - a +1 dagger of speed
Missiles
 p - 54 poisoned needles
Armour
 l - a +2 robe of cold resistance (worn)
 F - a +0 pair of gloves (worn)
 Q - a cursed +0 cloak (worn)
Magical staves
 X - an uncursed staff of wizardry (weapon)
Jewellery
 k - an amulet of clarity (around neck)
 I - a +3 ring of protection (left hand)
 O - an uncursed ring of ice
Magical devices
 S - a wand of magic darts (21)
 U - a wand of frost (22)
 W - a wand of slowing (38)
Scrolls
 i - 5 scrolls of remove curse
 w - a scroll of fog
 x - 3 scrolls of recharging
 D - 2 scrolls of teleportation
 E - 3 scrolls of enchant armour
 K - a scroll of enchant weapon
 M - a scroll of blinking
 Y - a scroll of magic mapping
Potions
 e - a potion of might
 f - 3 potions of brilliance
 j - 5 potions of curing
 o - 2 potions of agility
 r - a potion of resistance
 u - 2 potions of cure mutation
 L - 2 potions of heal wounds {unknown}
 N - 3 potions of degeneration {unknown}
 P - a potion of invisibility {unknown}
 T - a potion of flight {unknown}
Books
 b - a book of Conjurations

   Spells                             Type                      Level
   a - Magic Dart                     Conjuration                  1
   b - Searing Ray                    Conjuration                  2
   c - Dazzling Spray                 Conjuration/Hexes            3
   d - Fulminant Prism                Conjuration/Hexes            4
   e - Iskenderun's Mystic Blast      Conjuration                  4
   f - Iskenderun's Battlesphere      Conjuration/Charms           5
Comestibles
 c - 3 bread rations
 C - 3 meat rations
 V - 3 beef jerkies
 Z - 5 chunks of flesh


   Skills:
 - Level 5.6 Dodging
 - Level 2.4 Stealth
 + Level 10.0 Spellcasting
 + Level 10.0 Conjurations
 + Level 8.7 Hexes
 + Level 7.0 Charms


You had 18 spell levels left.
You knew the following spells:

 Your Spells              Type           Power        Failure   Level  Hunger
a - Magic Dart            Conj           ####         1%          1    None
b - Searing Ray           Conj           ######       1%          2    None
c - Dazzling Spray        Conj/Hex       ######..     1%          3    None
d - Iskenderun's Battles  Conj/Chrm      ######..     1%          5    ####...


Dungeon Overview and Level Annotations

Branches:
Dungeon (8/15)             Temple (1/1) D:6
   Lair: D:8-11

Altars:
Ashenzari
Cheibriados
Dithmenos
Elyvilon
Fedhas
Gozag
Kikubaaqudgha
Makhleb
Nemelex Xobeh
Okawaru
Qazlal
Sif Muna
Trog
Vehumet
Xom
Yredelemnul
Zin
The Shining One

Shops:
D:4 (   D:8 =(%


Innate Abilities, Weirdness & Mutations

You have sharp toenails.
You are agile. (Dex +2)
Your flesh is cold resistant.


Message History

The hungry ghost completely misses you.
The searing ray hits the hungry ghost.
You destroy the hungry ghost!
Vehumet accepts your kill.
Your Spellcasting skill increases to level 10!
Your Charms skill increases to level 7!
The fire drake bites you.
Casting: Searing Ray
Confirm with . or Enter, or press ? or * to list all spells.
Aiming: Searing Ray
Press: ? - help, Shift-Dir - straight line, f - fire drake
Aim: a fire drake (moderately wounded)
The searing ray hits the fire drake.
The fire drake is heavily wounded.
The fire drake breathes flames at you. The blast of flame hits you!
Ouch! That really hurt!
* * * LOW HITPOINT WARNING * * *
The fire drake bites you.
You die...

....# #.# #.### ####.#
#.##### #....# ......#
#.#### ##.##.# #.#
##.##.# #.# ####
...##.###.# #..
..........# #.# ≈
...##.##########@##..§.
......# #....k....≈≈≈§
...#### #.####.##..≈§≈
)..# #.# #... ...≈ ...#
###.####.##..... ...#
#........# ...#
...######.#<###.....
..#
...#........###.#### #
.......#...#.....# .


You could see a fire drake.

Vanquished Creatures
  A wyvern (D:8)
  A hungry ghost (D:8)
  An orc warrior (D:7)
  A wasp (D:7)
  2 ice beasts
  3 ogres
  A sky beast (D:3)
  2 phantoms
  The ghost of KambridgeKobold the Skirmisher, an average DsBe of Trog (D:3)
  3 centaurs (D:7)
  A necrophage (D:7)
  Blork the orc (D:6)
  3 giant frogs
  A big kobold (D:6)
  A wyvern zombie (D:8)
  A water moccasin zombie (D:5)
  6 scorpions
  5 wights (D:8)
  5 crimson imps
  3 giant frog zombies
  A centaur zombie (Ossuary)
  A giant frog skeleton (D:8)
  2 jellies (D:5)
  An orc priest (D:8)
  4 hounds
  A human zombie (Ossuary)
  6 orc wizards
  Terence (D:2)
  Natasha (D:3)
  2 iguanas (D:4)
  6 worker ants
  4 big kobold zombies (Ossuary)
  A hound zombie (D:6)
  3 mummies (Ossuary)
  A hound skeleton (D:4)
  7 gnolls
  10 adders
  3 scorpion zombies (Ossuary)
  2 shadow imps
  An ooze (D:1)
  2 adder zombies
  A worm (D:3)
  2 adder skeletons
  26 orcs
  3 ball pythons
  11 giant cockroaches
  A gnoll zombie (Ossuary)
  11 hobgoblins
  6 jackals (D:5)
  4 quokkas
  6 bats
  8 giant geckos
  A giant gecko skeleton (D:4)
  4 giant newts
  7 goblins
  4 goblin zombies (Ossuary)
  2 hobgoblin zombies (Ossuary)
  A jackal skeleton (D:8)
  20 kobolds
  3 kobold zombies (Ossuary)
  4 orc zombies (Ossuary)
  9 rats
237 creatures vanquished.

Vanquished Creatures (others)
  3 scorpions (Ossuary)
  A human zombie (Ossuary)
4 creatures vanquished.

Grand Total: 241 creatures vanquished

Notes
Turn   | Place    | Note
--------------------------------------------------------------
     0 | D:1      | George the Deep Elf Conjurer began the quest for the Orb.
     0 | D:1      | Reached XP level 1. HP: 10/10 MP: 6/6
   202 | D:1      | Reached XP level 2. HP: 15/15 MP: 2/8
   998 | D:2      | Reached XP level 3. HP: 19/19 MP: 3/10
  1056 | D:2      | Found a glowing silver altar of Zin.
  1092 | D:2      | Reached skill level 5 in Conjurations
  1125 | D:2      | Noticed Terence
  1476 | D:1      | Learned a level 2 spell: Searing Ray
  1510 | D:2      | Killed Terence
  1510 | D:2      | Reached XP level 4. HP: 22/24 MP: 7/12
  2061 | D:3      | Noticed a sky beast
  2069 | D:3      | Killed a sky beast
  2069 | D:3      | Reached skill level 5 in Spellcasting
  2069 | D:3      | Reached XP level 5. HP: 11/28 MP: 4/14
  2129 | D:3      | Noticed KambridgeKobold's ghost (average DsBe)
  2411 | D:3      | Killed KambridgeKobold's ghost
  2411 | D:3      | Reached XP level 6. HP: 26/32 MP: 2/16
  2462 | D:3      | Found a stormy altar of Qazlal.
  2655 | D:3      | Reached skill level 6 in Conjurations
  2816 | D:3      | Reached skill level 5 in Dodging
  3026 | D:3      | Noticed Natasha
  3029 | D:3      | Killed Natasha
  3506 | D:4      | Reached XP level 7. HP: 22/36 MP: 0/18
  3758 | D:4      | Found Tecrer's Antique Weapon Shoppe.
  4366 | D:5      | Entered Level 5 of the Dungeon
  4580 | D:5      | Learned a level 3 spell: Dazzling Spray
  4797 | D:5      | Reached skill level 7 in Spellcasting
  4797 | D:5      | Reached skill level 1 in Hexes
  5588 | D:6      | Noticed Blork the orc
  5596 | D:6      | Killed Blork the orc
  5596 | D:6      | Reached XP level 8. HP: 19/41 MP: 10/21
  5624 | D:6      | Found a sand-covered staircase.
  5629 | Ossuary  | Entered an ossuary
  5784 | Ossuary  | Reached skill level 8 in Spellcasting
  6975 | Ossuary  | Reached skill level 5 in Hexes
  7351 | D:6      | Reached skill level 9 in Spellcasting
  7409 | D:6      | Learned a level 5 spell: Iskenderun's Battlesphere
  7423 | D:6      | Found a staircase to the Ecumenical Temple.
  7433 | Temple   | Entered the Ecumenical Temple
  7635 | Temple   | Became a worshipper of Vehumet
  7758 | D:6      | Gained mutation: You are agile. (Dex +2) [potion of mutation]
  7758 | D:6      | Gained mutation: You have sharp toenails. [potion of mutation]
  7758 | D:6      | Gained mutation: Your flesh is cold resistant. [potion of mutation]
  7831 | D:6      | Reached skill level 1 in Charms
  8303 | D:7      | Reached XP level 9. HP: 45/45 MP: 19/24
  9062 | D:7      | Found a blossoming altar of Fedhas.
  9214 | D:7      | Reached skill level 5 in Charms
  9516 | D:7      | Acquired Vehumet's first power
  9516 | D:7      | Offered knowledge of Shock by Vehumet.
 10396 | D:8      | Found Mutoa's Jewellery Emporium.
 10415 | D:8      | Found Xoki Emo's Weapon Shoppe.
 10686 | D:8      | Found Pun Yto's Food Emporium.
 10774 | D:8      | Found a shattered altar of Ashenzari.
 11129 | D:8      | Found a burning altar of Makhleb.
 11130 | D:8      | Found a bloodstained altar of Trog.
 11278 | D:8      | Reached XP level 10. HP: 48/50 MP: 18/25
 11311 | D:8      | Reached skill level 10 in Conjurations
 11322 | D:8      | Noticed a fire drake
 11332 | D:8      | Reached skill level 10 in Spellcasting
 11333 | D:8      | Slain by a fire drake

Vault maps used:
D:1:      minmay_arrival_shattered_statue, st_stairs_7, minmay_misc_feat_room
D:2:      lemuel_crystal_altar, uniq_terence
D:3:      lemuel_crystal_altar, portal_sewer_entry_a, uniq_natasha
D:4:      wad_woods_pond, serial_shops, shop
D:5:      first_bread
D:6:      minmay_temple_entry_junction2, enter_ossuary_2,
          hangedman_abyss_or_decor_lesser_grid, uniq_blork_the_orc
D:7:      fedhas_bush_and_centaur_altar
D:8:      nicolae_overflow_hidden_temple, minmay_lair_entry_lava, serial_shops,
          shop, shop_fountains, shop
Temple:   nicolae_temple_figure_eight
Ossuary:  ossuary_minmay_scorpions

Action                   |  1- 3 |  4- 6 |  7- 9 | 10-12 || total
-------------------------+-------+-------+-------+-------++-------
Melee: Spear             |       |     1 |       |       ||     1
       Short sword       |       |     6 |     4 |       ||    10
       Dagger            |       |       |     1 |       ||     1
 Cast: Magic Dart        |    69 |   158 |   306 |     5 ||   538
       Searing Ray       |     1 |     5 |    60 |     3 ||    69
       Dazzling Spray    |       |       |    28 |       ||    28
  Use: Scroll            |     6 |     3 |    13 |       ||    22
       Potion            |       |       |     1 |       ||     1
 Stab: Sleeping          |       |     1 |       |       ||     1
       Invisible         |       |       |     1 |       ||     1
  Eat: Chunk             |     1 |     6 |    15 |       ||    22
       Pizza             |       |       |     1 |       ||     1
       Beef jerky        |       |       |     2 |       ||     2
       Bread ration      |       |       |     1 |       ||     1
